 Dungeon Crawl Stone Soup version 0.28.0-45-g0d030f2227 (webtiles) character file.

Game seed: 7848167328171346942

921 zeratav the Insei (level 8, -6/54 HPs)
             Began as an Octopode Transmuter on Apr 13, 2022.
             Mangled by a steam dragon (8 damage)
             ... on level 6 of the Dungeon.
             The game lasted 00:08:30 (6434 turns).

zeratav the Insei (Octopode Transmuter)             Turns: 6434, Time: 00:08:31

Health: -6/54      AC:  1    Str: 10    XL:     8   Next: 10%
Magic:  0/20       EV: 14    Int: 15    God:
Gold:   245        SH:  0    Dex: 14    Spells: 7/11 levels left

rFire   . . .      SeeInvis .     - Unarmed
rCold   . . .      Faith    .   (no shield)
rNeg    . . .      Spirit   +   (helmet restricted)
rPois   .          Reflect  .   f - amulet of guardian spirit
rElec   .          Harm     .   o - ring of magical power
rCorr   .          Rampage  .   (no ring)
Will    .....                   (no ring)
Stlth   ++++......              (no ring)
HPRegen 0.18/turn               (no ring)
MPRegen 0.17/turn               (no ring)
                                (no ring)
                                (no ring)

@: about to teleport, very slightly contaminated
A: almost no armour, amphibious, 8 rings, camouflage 1, gelatinous body 1,
(nimble swimmer 1), tentacles
a: no special abilities


You were on level 6 of the Dungeon.
You visited 2 branches of the dungeon, and saw 7 of its levels.

You collected 245 gold pieces.


Innate Abilities, Weirdness & Mutations

You cannot wear most types of armour.
You are amphibious.
You can wear up to eight rings at the same time.
Your skin changes colour to match your surroundings (Stealth+).
Your rubbery body absorbs attacks. (AC +1, EV +1)
((You are camouflaged when in or above water. (Stealth+)))
You have tentacles for arms and can constrict up to eight enemies at once.


   Skills:
 + Level 3.8 Fighting
 + Level 4.3 Dodging
 - Level 5.0 Stealth
 * Level 6.3 Unarmed Combat
 - Level 2.0 Spellcasting
 + Level 2.3 Transmutations
 + Level 1.1 Ice Magic


You had 7 spell levels left.
You knew the following spells:

 Your Spells              Type           Power      Damage    Failure   Level
a - Beastly Appendage     Tmut           16%        N/A       9%          1
b - Spider Form           Tmut/Pois      5%         N/A       38%         3

Your spell library contained the following spells:

 Spells                   Type           Power      Damage    Failure   Level
 Wereblood                Tmut           8%         N/A       13%         2
 Foxfire                  Conj/Fire      4%         2x1d4     22%         1
 Blink                    Tloc           2%         N/A       32%         2
 Sublimation of Blood     Necr           1%         N/A       32%         2
 Frozen Ramparts          Ice            8%         1d2       38%         3
 Conjure Flame            Conj/Fire      1%         6-21      54%         3
 Inner Flame              Hex/Fire       1%         N/A       54%         3
 Ice Form                 Ice/Tmut       6%         N/A       73%         4
 Summon Ice Beast         Ice/Summ       3%         N/A       87%         4
 Flame Wave               Conj/Fire      1%         2d4       91%         4
 Manifold Assault         Tloc           1%         N/A       99%         5
 Storm Form               Tmut/Air       2%         N/A       100%        7
 Summon Hydra             Summ           0%         N/A       100%        7

Inventory:

Jewellery
 f - an amulet of guardian spirit (around mantle)
   (You found it on level 2 of the Dungeon)
 n - a ring of fire
   (You found it on level 4 of the Dungeon)
 o - a ring of magical power (left tentacle)
   (You found it on level 4 of the Dungeon)
Wands
 r - a wand of digging (7)
   (You found it on level 5 of the Dungeon)
Scrolls
 e - 3 scrolls of immolation {!r!r}
 g - 2 scrolls of magic mapping {!r}
 j - a scroll of brand weapon
 t - a scroll of amnesia
Potions
 a - a potion of cancellation {unknown}
 b - 2 potions of lignification {!q}
 c - a potion of brilliance {unknown}
 d - a potion of curing {unknown}
 h - a potion of haste {unknown}
 k - a potion of degeneration {unknown}
 l - a potion of resistance {unknown}
 m - 2 potions of attraction {!q}
 p - a potion of flight {unknown}
 s - a potion of mutation {unknown}

Dungeon Overview and Level Annotations

Branches:
Dungeon (6/15)             Temple (1/1) D:5

Altars:
Cheibriados
Hepliaklqana
Kikubaaqudgha
Makhleb
Nemelex Xobeh
Okawaru
Qazlal
Vehumet
Xom
The Shining One

Shops:
D:5 !

Annotations:
D:3 1 runed translucent door, SuperSeabass's ghost, amateur PaAK

# # # ***** # *,,,*
#################### *,,,*
#ZD@.§§............' *,,,*
#.################## *,,,*
#§#**,,,,,,,........
*,,,****#§....Z..,,,........
*,,,,,,,D..##.###***########
*,,,,,,....#*,* #
*,,,,,.....#*,*
***,,......#*,*
*,.......#*,*


You could see a steam dragon and a bullfrog zombie.


Message History

There is an open door here.
There is an escape hatch in the ceiling here.
A scorpion comes into view.
Casting: Spider Form (dangerous; 38% risk of failure)
Confirm with . or Enter, or press ? or * to list all spells.
You turn into a venomous arachnid creature.
MP[-3]
You lost 3 mp, and now have 17/20 mp.
Your transformation is almost over.
An iguana comes into view.
MP[+1]
The helpless scorpion fails to defend itself.
You hit the scorpion.
The scorpion is poisoned.
The scorpion completely misses you.
You bite the scorpion! The scorpion closely misses you.
You bite the scorpion!
You kill the scorpion!
Your Ice Magic skill increases to level 1!
Your transformation has ended.
MP[+1]
Casting: Spider Form (dangerous; 38% risk of failure)
Confirm with . or Enter, or press ? or * to list all spells.
You turn into a venomous arachnid creature.
MP[-3]
You lost 3 mp, and now have 16/20 mp.
You hit the iguana.
The iguana is poisoned.
The iguana misses you.
You bite the iguana!
The iguana looks as sick as possible!
The iguana completely misses you.
You barely miss the iguana.
You kill the iguana!
No target in view!
Your transformation is almost over.
Your transformation has ended.
MP[+2]
You regained 2 mp, and now have 18/20 mp.
You open the door.
There is an open door here.
Found a stone staircase leading down.
MP[+2]
Your mp is fully restored (20).
A steam dragon and a bullfrog zombie come into view.
The steam dragon hisses angrily.
The steam dragon breathes steam at you. The ball of steam hits you!!
HP[-14] MP[-6]
You take 14 damage, and now have 40/54 hp.
MASSIVE DAMAGE!! (PAUSE)
You lost 6 mp, and now have 14/20 mp.
You are engulfed in a cloud of scalding steam.
HP[-3] MP[-2]
You take 3 damage, and now have 37/54 hp.
You lost 2 mp, and now have 12/20 mp.
A steam dragon is nearby!
Casting: Spider Form (dangerous; 38% risk of failure)
Confirm with . or Enter, or press ? or * to list all spells.
You miscast Spider Form.
You are very lightly contaminated with residual magic.
Nothing appears to happen.
The steam dragon bites you. The steam dragon claws you.
HP[-2] MP[-4]
You take 2 damage, and now have 35/54 hp.
You lost 4 mp, and now have 8/20 mp.
You tentacle-slap the steam dragon but do no damage.
Your squeeze misses the steam dragon. The steam dragon completely misses you.
The steam dragon claws you.
HP[-2] MP[+1]
You take 2 damage, and now have 33/54 hp.
You closely miss the steam dragon. You squeeze the steam dragon!
The steam dragon misses you. The steam dragon barely misses you.
You bludgeon the steam dragon!
You squeeze the steam dragon, but do no damage.
The steam dragon breathes steam at you. The ball of steam hits you!
* * * LOW HITPOINT WARNING * * *
HP[-7] MP[-2]
You take 7 damage, and now have 26/54 hp.
You lost 2 mp, and now have 7/20 mp.
You barely miss the steam dragon.
You squeeze the steam dragon, but do no damage.
You are engulfed in a cloud of scalding steam.
* * * LOW HITPOINT WARNING * * *
The steam dragon bites you.
* * * LOW HITPOINT WARNING * * *
The steam dragon misses you.
HP[-11] MP[-3]
You take 11 damage, and now have 15/54 hp.
MASSIVE DAMAGE!! (PAUSE)
You lost 3 mp, and now have 4/20 mp.
You bludgeon the steam dragon!
You are engulfed in a cloud of scalding steam.
* * * LOW HITPOINT WARNING * * *
HP[-9] MP[-2]
You take 9 damage, and now have 6/54 hp.
You lost 2 mp, and now have 2/20 mp.
As you read the scroll of teleportation {@r4}, it crumbles to dust.
You feel strangely unstable.
You are engulfed in a cloud of scalding steam.
* * * LOW HITPOINT WARNING * * *
The steam dragon bites you!
You die...

Skill      XL: |  1  2  3  4  5  6  7  8 |
---------------+-------------------------+-----
Stealth        | 1 2 3 4 5 |  5.0
Unarmed Combat | 4 5 6 |  6.3
Fighting       | 2 3 |  3.8
Dodging        | 3 4 |  4.3
Ice Magic      | 1 |  1.1
Spellcasting   | |  2.0
Transmutations | |  2.3

Action                   |  1- 3 |  4- 6 |  7- 9 || total
-------------------------+-------+-------+-------++-------
Melee: Unarmed           |    57 |   102 |    50 ||   209
       Kick              |    19 |    19 |     1 ||    39
       Constrict         |    18 |    24 |     6 ||    48
       Tentacles         |    12 |    17 |     8 ||    37
       Punch             |     1 |     4 |       ||     5
 Cast: Beastly Appendage |    23 |    30 |     4 ||    57
       Spider Form       |       |     2 |     8 ||    10
  Use: Scroll            |       |       |     8 ||     8
 Stab: Sleeping          |     7 |    12 |     5 ||    24
Armor: Skin              |     4 |     6 |     1 ||    11
Dodge: Dodged            |    30 |    55 |    30 ||   115

Levels and vault maps discovered:
D:1:      zelgadis_glass_arrival_small, layout_loops_ring,
          dreamdust_ecumenical_altar_statues
D:2:      layout_basic, uniq_jessica
D:3:      layout_basic, ebering_ghost_inner_flame, st_stairs_5
D:4:      layout_cave_pods, dk_rats_in_the_wall
D:5:      layout_basic, minmay_temple_entry_oklob, serial_shops, shop,
          minmay_misc_feat_chi, solitary_fountain, minmay_stone_trees_small
D:6:      layout_basic, mainiacjoe_overflow_catwalk
Temple:   zaba_magenta_temple

Notes
Turn   | Place    | Note
-------+----------+-------------------------------------------
     0 | D:1      | zeratav the Octopode Transmuter began the quest for the
                  | Orb.
     0 | D:1      | Reached XP level 1. HP: 13/13 MP: 3/3
     0 | D:1      | magus.rc [v1.9.6]
   122 | D:1      | Reached XP level 2. HP: 17/18 MP: 3/5
   136 | D:1      | Reached skill level 1 in Stealth
   264 | D:1      | You pick up a book of Blood and begin reading...
   264 | D:1      | You add the spells Sublimation of Blood and Summon Hydra to
                  | your library.
   442 | D:1      | Reached XP level 3. HP: 7/23 MP: 6/6
   694 | D:1      | Found a faded altar of an unknown god.
   774 | D:1      | Learned a level 3 spell: Spider Form
  1091 | D:2      | You pick up a book of Rime and begin reading...
  1091 | D:2      | You add the spells Frozen Ramparts and Summon Ice Beast to
                  | your library.
  1363 | D:2      | Noticed Jessica
  1368 | D:2      | Killed Jessica
  1369 | D:2      | Reached skill level 2 in Stealth
  1369 | D:2      | Reached XP level 4. HP: 24/29 MP: 5/7
  1546 | D:2      | Reached skill level 4 in Unarmed Combat
  2044 | D:2      | Reached skill level 2 in Fighting
  2631 | D:3      | Reached XP level 5. HP: 25/34 MP: 5/8
  3411 | D:3      | Found a runed translucent door.
  3413 | D:3      | Noticed SuperSeabass's ghost (amateur PaAK)
  3459 | D:3      | Reached skill level 3 in Dodging
  3509 | D:3      | Reached skill level 3 in Stealth
  4170 | D:4      | Noticed a necrophage
  4182 | D:4      | Killed a necrophage
  4183 | D:4      | Reached XP level 6. HP: 35/41 MP: 2/9
  4667 | D:4      | You pick up a book of Flames and begin reading...
  4667 | D:4      | You add the spells Foxfire, Conjure Flame, Inner Flame and
                  | Flame Wave to your library.
  4728 | D:5      | Entered Level 5 of the Dungeon
  4740 | D:5      | Found Teupiex's Distillery.
  4852 | D:5      | Reached skill level 5 in Unarmed Combat
  4948 | D:5      | Reached skill level 4 in Stealth
  5019 | D:5      | Noticed a necrophage
  5023 | D:5      | Reached skill level 3 in Fighting
  5046 | D:5      | Killed a necrophage
  5047 | D:5      | Reached XP level 7. HP: 34/46 MP: 6/10
  5316 | D:5      | Reached skill level 4 in Dodging
  5500 | D:5      | Found a staircase to the Ecumenical Temple.
  5517 | Temple   | Entered the Ecumenical Temple
  5602 | D:5      | Reached skill level 5 in Stealth
  5602 | D:5      | Reached skill level 6 in Unarmed Combat
  5754 | D:5      | You add the spells Blink, Manifold Assault and Storm Form
                  | to your library.
  6208 | D:6      | Reached XP level 8. HP: 48/54 MP: 11/11
  6371 | D:6      | Reached skill level 1 in Ice Magic
  6433 | D:6      | HP: 6/54 [steam dragon] (9)]
  6434 | D:6      | HP: 1/54 [steam dragon] (5)]
  6434 | D:6      | Mangled by a steam dragon

Vanquished Creatures
  A black bear (D:5)
  2 necrophages
  A bullfrog (D:6)
  A scorpion (D:6)
  An oklob sapling (D:5)
  3 hounds (D:5)
  Jessica (D:2)
  3 bullfrog skeletons (D:5)
  4 iguanas
  A scorpion zombie (D:3)
  A hound skeleton (D:4)
  A gnoll (D:1)
  8 adders
  An adder skeleton (D:4)
  3 worms
  2 dart slugs
  6 ball pythons
  6 endoplasms
  3 giant cockroaches
  4 goblins (D:1)
  5 hobgoblins
  3 jackals (D:1)
  2 quokkas
  5 bats
  6 frilled lizards
  5 kobolds
  3 rats
82 creatures vanquished.

Vanquished Creatures (others)
  4 plants (D:5)
4 creatures vanquished.

Grand Total: 86 creatures vanquished

Table legend:
 A = Non-vault XP
 B = Vault XP
 C = Vault XP percentage of total XP
 D = Non-vault monster count
 E = Vault monster count
 F = Vault count percentage of total count
                 A         B        C        D         E       F
            +---------+---------+-------+---------+---------+-------
      Total |    1217 |     100 |   7.6 |      78 |       4 |   4.9
            +---------+---------+-------+---------+---------+-------
        D:1 |      56 |       0 |   0.0 |      25 |       0 |   0.0
        D:2 |      69 |      37 |  34.9 |      16 |       1 |   5.9
        D:3 |      74 |       3 |   3.9 |      16 |       2 |  11.1
        D:4 |     157 |       0 |   0.0 |       4 |       0 |   0.0
        D:5 |     614 |      60 |   8.9 |      13 |       1 |   7.1
        D:6 |     247 |       0 |   0.0 |       4 |       0 |   0.0
            +---------+---------+-------+---------+---------+-------

Illustrated notes

Table legend:
 A = Kills in this place as a percentage of kills in entire the game.
 B = Kills by you in this place as a percentage of kills by you in the entire game.
 C = Kills by friends in this place as a percentage of kills by friends in the entire game.
 D = Other kills in this place as a percentage of other kills in the entire game.
 E = Experience gained in this place as a percentage of experience gained in the entire game.
 F = Experience gained in this place divided by the number of levels of this place that you have seen.
                   A       B       C       D       E      F
               +-------+-------+-------+-------+-------+----------------------
         Total | 100.0 | 100.0 |   N/A |   N/A | 100.0 | 188.1
       Dungeon | 100.0 | 100.0 |   N/A |   N/A | 100.0 | 219.5
               +-------+-------+-------+-------+-------+----------------------

Table legend: (Time is in decaauts)
 A = Elapsed time spent in this place.
 B = Non-inter-level travel time spent in this place.
 C = Inter-level travel time spent in this place.
 D = Time resting spent in this place.
 E = Time spent auto-exploring this place.
 F = Levels seen in this place.
 G = Mean time per level.
                   A        B        C        D        E       F      G
               +--------+--------+--------+--------+--------+-----+--------+
         Total |   6415 |   6221 |    194 |   1008 |   4488 |   7 |  916.4 |
       Dungeon |   6336 |   6161 |    175 |   1008 |   4435 |   6 | 1056.0 |
        Temple |     78 |     59 |     19 |      0 |     53 |   1 |   78.0 |
               +--------+--------+--------+--------+--------+-----+--------+

Top non-repeatable levels by time:
     D:2: 1521 daAuts
     D:3: 1237 daAuts
     D:5: 1122 daAuts
     D:1: 1074 daAuts
     D:4: 883 daAuts
     D:6: 497 daAuts
  Temple: 78 daAuts
